 Dungeon Crawl Stone Soup version 0.30.0-5-g1a98f26d00 (webtiles) character file.

Game seed: 12757415454637290178

11001 ryw the Grappler (level 11, 0/77 HPs)
             Began as a Demonspawn Monk on May 11, 2023.
             Was a Priest of Hepliaklqana.
             Incinerated by a deep elf pyromancer (4 damage)
             ... with a sticky flame
             ... on level 10 of the Dungeon.
             The game lasted 00:21:23 (10912 turns).

ryw the Grappler (Demonspawn Monk)                 Turns: 10912, Time: 00:21:24

Health: 0/77       AC: 10    Str: 17    XL:     11   Next: 43%
Magic:  11/11      EV: 14    Int: 14    God:    Hepliaklqana [***...]
Gold:   293        SH:  6    Dex: 15    Spells: 10/10 levels left

rFire   . .          .
                       - Unarmed
rCold   . . .        c - orb {light}
rNeg    . . .        H - +0 steam dragon scales
rPois   .            y - +2 helmet {Int+3}
rElec   .            p - +1 cloak
rCorr   .            (no gloves)
SInv    .            (no boots)
Will    +....        (no amulet)
Stlth   +            l - ring of willpower
HPRegen 0.32/turn    (no ring)
MPRegen 0.24/turn

%: no passive effects
@: on fire, glowing, studying Axes
A: reduced essence, claws 1, large bone plates 2, powered by death 1, magic
regeneration
a: Renounce Religion, Recall Ancestor, Ancestor Identity, Transference


You were on level 10 of the Dungeon.
You worshipped Hepliaklqana.
Hepliaklqana was most pleased with you.
You visited 3 branches of the dungeon, and saw 12 of its levels.

You collected 529 gold pieces.
You spent 236 gold pieces at shops.

Inventory:

Hand Weapons
 b - the +9 sling "Newtslayer" {drain, *Corrode Fly rN+ Str+5}
   (You found it on level 4 of the Dungeon)

   Str:       It affects your strength (+5).
   rN:        It protects you from negative energy.
   Fly:       It grants you flight.
   *Corrode:  It may corrode you when you take damage.
Missiles
 h - 6 boomerangs (quivered)
 m - 10 curare-tipped darts
Armour
 c - an orb of light (worn)
 p - a +1 cloak (worn)
 y - a +2 helmet of intelligence (worn)
 H - +0 steam dragon scales (worn)
Jewellery
 l - a ring of willpower (left claw)
 x - a ring of fire
 z - a ring of poison resistance
Wands
 E - a wand of mindburst (29)
 F - a wand of charming (4)
 G - a wand of polymorph (11)
 I - a wand of acid (14)
 K - a wand of flame (9)
Scrolls
 f - 4 scrolls of teleportation
 g - 3 scrolls of poison
 i - 5 scrolls of immolation
 k - 2 scrolls of noise
 n - 3 scrolls of magic mapping
 s - 2 scrolls of blinking
 w - 2 scrolls of fog
 B - a scroll of amnesia
 D - a scroll of vulnerability
 J - a scroll of enchant weapon
Potions
 a - 2 potions of curing
 d - 2 potions of lignification
 e - 2 potions of flight
 j - 2 potions of invisibility
 o - a potion of mutation {unknown}
 r - 2 potions of haste
 t - a potion of ambrosia
 u - 2 potions of attraction
 v - a potion of degeneration {unknown}
 A - 2 potions of might {unknown}
 C - a potion of magic {unknown}
 L - a potion of brilliance {unknown}
 M - 2 potions of resistance {unknown}


   Skills:
 + Level 8.2 Fighting
 + Level 8.0 Ranged Weapons
 + Level 5.8 Dodging
 * Level 12.2 Unarmed Combat


You had 10 spell levels left.
You didn't know any spells.
Your spell library contained the following spells:

 Spells                   Type           Power      Damage    Failure   Level
 Blink                    Tloc           0%         N/A       41%         2
 Tukima's Dance           Hex            0%         N/A       65%         3
 Manifold Assault         Tloc           0%         N/A       96%         4
 Passage of Golubria      Tloc           0%         N/A       96%         4
 Yara's Violent Unravell  Hex/Tmut       0%         3d3       100%        5
 Storm Form               Tmut/Air       0%         N/A       100%        7


Dungeon Overview and Level Annotations

Branches:
Dungeon (10/15)            Temple (1/1) D:7            Lair (1/5) D:9
    Orc: D:9-12

Altars:
Ashenzari
Cheibriados
Dithmenos
Fedhas
Gozag
Hepliaklqana
Kikubaaqudgha
Makhleb
Nemelex Xobeh
Okawaru
Qazlal
Ru
Sif Muna
Trog
Uskayaw
Vehumet
Wu Jian
Xom
Yredelemnul

Shops:
D:5 ([[   D:6 [   D:8 *

Annotations:
D:3 3 runed translucent doors, Woods's ghost, amateur GnRe


Innate Abilities, Weirdness & Mutations

Your life essence is reduced to manifest your ancestor. (-10% HP)
You have sharp fingernails.
You are mostly covered in large bone plates. (SH +6)
You regenerate a little health from kills.
You regenerate magic rapidly.


Message History

Aahotepre drains the boulder beetle.
Aahotepre hits the boulder beetle but does no damage.
Aahotepre drains the boulder beetle.
Aahotepre points at the boulder beetle and mumbles some strange words.
The boulder beetle seems to slow down.
The deep elf pyromancer casts a spell at you.
The sticky flame hits you.
You are covered in liquid flames!
You claw the deep elf pyromancer!
The deep elf pyromancer is moderately wounded.
You are covered in liquid flames!
The boulder beetle hits you!!
* * * LOW HITPOINT WARNING * * *
The boulder beetle stops rolling and uncurls.
Unknown command.
Okay, then.
You feel better.
You are covered in liquid flames!
* * * LOW HITPOINT WARNING * * *
Aahotepre gestures at the boulder beetle while chanting.
The boulder beetle resists with some effort.
You block the fire elemental's attack.
The deep elf pyromancer points at you and mumbles some strange words.
The sticky flame hits you.
You are covered in liquid flames!
* * * LOW HITPOINT WARNING * * *
Unknown command.
Blink to where?
Press: ? - help, Dir - move target
As you read the scroll of blinking, it crumbles to dust.
You are covered in liquid flames!
* * * LOW HITPOINT WARNING * * *
The boulder beetle curls into a ball and begins rolling!
You are covered in liquid flames!
* * * LOW HITPOINT WARNING * * *
Something hits Aahotepre!!
Aahotepre is destroyed!
There is a stone staircase leading up here.
You are covered in liquid flames!
You die...

#####........#
.............#
.............#
......)).>...#
......)).....###########
....#######.............
....# #.............
....# #.............
....# #.....@.......
....# #..........#.#
....#######e.........._.
.....................#.#
?..)......°☼E...........
...)†...§○..............
.###)#..B.#####.########
.#...#....# .#.
.#...#....#


You could see a deep elf pyromancer and a fire elemental (summoned).

Vanquished Creatures
  Erolcha (D:9)
  A boulder beetle (D:10)
  2 ugly things
  7 yaks (D:8)
  A basilisk (D:10)
  Eustachio (D:6)
  2 steam dragons
  A vampire mosquito (D:10)
  2 water moccasins
  An ice beast (D:7)
  4 orc warriors
  3 black bears
  2 ogres
  3 phantoms
  A kobold brigand (D:8)
  3 bullfrogs
  2 gnoll sergeants
  17 wights
  8 killer bees
  9 howler monkeys
  2 jellies
  4 orc priests
  4 hounds
  9 iguanas
  3 sleepcaps
  A hexer (D:8)
  8 orc wizards
  12 gnolls
  7 adders
  2 shadow imps (D:5)
  2 white imps
  An ufetubus (D:5)
  A worm (D:3)
  14 orcs
  5 ball pythons
  5 bats
  9 endoplasms
  3 giant cockroaches (D:4)
  5 hobgoblins
  6 jackals (D:1)
  2 quokkas
  6 frilled lizards
  9 goblins
  14 kobolds
  8 rats
213 creatures vanquished.

Vanquished Creatures (collateral kills)
  2 two-headed ogres
  Maurice (D:8)
  2 hornets
  Prince Ribbit (D:8)
  2 yaks (D:8)
  2 orc warriors
  A kobold brigand (D:8)
  A gnoll sergeant (D:8)
  2 wights
  2 killer bees
  3 howler monkeys
  A gnoll bouda (D:7)
  An orc wizard (D:8)
  A gnoll (D:7)
  8 orcs
  A kobold (D:8)
31 creatures vanquished.

Vanquished Creatures (others)
  6 hexers
6 creatures vanquished.

Grand Total: 250 creatures vanquished

Notes
Turn   | Place    | Note
-------+----------+-------------------------------------------
     0 | D:1      | ryw the Demonspawn Monk began the quest for the Orb.
     0 | D:1      | Reached XP level 1. HP: 18/18 MP: 1/1
    89 | D:1      | Reached skill level 3 in Unarmed Combat
   102 | D:1      | Gained mutation: You are partially covered in large bone
                  | plates. (SH +4) [demonic ancestry]
   102 | D:1      | Reached XP level 2. HP: 22/24 MP: 2/2
   467 | D:1      | Gained mutation: You are mostly covered in large bone
                  | plates. (SH +6) [demonic ancestry]
   467 | D:1      | Reached XP level 3. HP: 30/30 MP: 3/3
  1013 | D:2      | Found a faded altar of an unknown god.
  1792 | D:3      | Found a radiant altar of Vehumet.
  1920 | D:3      | Gained mutation: You have sharp fingernails. [demonic
                  | ancestry]
  1920 | D:3      | Reached XP level 4. HP: 22/38 MP: 4/4
  1993 | D:3      | You fall into a shaft and drop 2 floors!
  1993 | D:5      | Entered Level 5 of the Dungeon
  1998 | D:5      | Noticed a black bear
  2051 | D:4      | Identified the +9 sling "Newtslayer" {drain, *Corrode Fly
                  | rN+ Str+5}
  2175 | D:3      | Noticed an ice beast
  2178 | D:3      | Noticed Woods's ghost (amateur GnRe)
  2192 | D:3      | Found a runed translucent gate.
  2192 | D:3      | Found a runed translucent gate.
  2192 | D:3      | Found a runed translucent gate.
  2693 | D:4      | Found a glowing drain.
  2827 | D:4      | Noticed a phantom
  2841 | D:4      | Killed a phantom
  2842 | D:4      | Reached skill level 5 in Fighting
  2842 | D:4      | Reached skill level 4 in Unarmed Combat
  2842 | D:4      | Reached XP level 5. HP: 39/44 MP: 5/5
  3165 | D:4      | Found a blossoming altar of Fedhas.
  3440 | D:5      | Reached skill level 1 in Ranged Weapons
  3440 | D:5      | Reached XP level 6. HP: 41/51 MP: 6/6
  3575 | D:5      | Reached skill level 5 in Unarmed Combat
  3602 | D:5      | Found Fippaot's Armour Boutique.
  3641 | D:5      | Bought a +2 helmet of intelligence for 236 gold pieces
  3702 | D:5      | Found Ilausueq's Armour Shop.
  3751 | D:5      | Gained mutation: You regenerate magic rapidly. [demonic
                  | ancestry]
  3751 | D:5      | Reached XP level 7. HP: 56/56 MP: 7/7
  3851 | D:5      | Found Plog's Weapon Shoppe.
  4099 | D:5      | Reached skill level 6 in Unarmed Combat
  4353 | D:6      | Noticed a steam dragon
  4407 | D:6      | Noticed Eustachio
  4606 | D:6      | Killed Eustachio
  4607 | D:6      | Reached skill level 7 in Unarmed Combat
  4607 | D:6      | Reached XP level 8. HP: 62/62 MP: 8/8
  4694 | D:6      | Found Wuisuobu's Armour Emporium.
  4694 | D:6      | Noticed an animated plate armour
  4694 | D:6      | Noticed an animated crystal plate armour
  5514 | D:6      | Reached skill level 8 in Unarmed Combat
  6025 | D:6      | Reached skill level 5 in Ranged Weapons
  6211 | D:7      | Found a staircase to the Ecumenical Temple.
  6234 | D:7      | Reached XP level 9. HP: 49/68 MP: 9/9
  6247 | Temple   | Entered the Ecumenical Temple
  6461 | Temple   | Became a worshipper of Hepliaklqana the Forgotten
  6461 | Temple   | Reached * piety under Hepliaklqana
  6461 | Temple   | Reached ** piety under Hepliaklqana
  6462 | Temple   | Remembered your ancestor Aahotepre as a hexer
  6663 | D:7      | Reached skill level 9 in Unarmed Combat
  7195 | D:7      | Noticed a cyan ugly thing
  7577 | D:7      | Paralysed by a hornet for 2 turns
  7580 | D:7      | HP: 3/62 [poisoned by a hornet]
  7792 | D:7      | Reached skill level 10 in Unarmed Combat
  8132 | D:7      | Killed a cyan ugly thing
  8242 | D:8      | Noticed a two-headed ogre
  8250 | D:8      | Killed a two-headed ogre
  8251 | D:8      | Gained mutation: You regenerate a little health from kills.
                  | [demonic ancestry]
  8251 | D:8      | Reached XP level 10. HP: 52/69 MP: 10/10
  8317 | D:8      | Noticed Maurice
  8328 | D:8      | Killed Maurice
  8400 | D:8      | Found Taonoz's General Store.
  8413 | D:8      | Noticed a cyan ugly thing
  8427 | D:8      | Killed a cyan ugly thing
  8566 | D:8      | HP: 2/69 [orc priest/divine providence (11)]
  8576 | D:8      | Reached skill level 11 in Unarmed Combat
  9130 | D:8      | Noticed Prince Ribbit
  9145 | D:8      | Killed Prince Ribbit
  9148 | D:8      | Reached skill level 5 in Dodging
  9494 | D:9      | Reached XP level 11. HP: 75/75 MP: 11/11
  9562 | D:9      | Noticed a two-headed ogre
  9570 | D:9      | Killed a two-headed ogre
  9790 | D:9      | Reached *** piety under Hepliaklqana
  9870 | D:9      | Noticed Erolcha
  9893 | D:9      | Killed Erolcha
 10022 | D:9      | Found a staircase to the Lair.
 10353 | D:9      | Reached skill level 12 in Unarmed Combat
 10570 | D:9      | Found an opulent altar of Gozag.
 10570 | D:9      | Found a sparkling altar of Nemelex Xobeh.
 10749 | Lair:1   | Entered Level 1 of the Lair of Beasts
 10757 | Lair:1   | Noticed a bog body
 10757 | Lair:1   | Noticed a death yak
 10828 | D:10     | Entered Level 10 of the Dungeon
 10828 | D:10     | Found a stormy altar of Qazlal.
 10874 | D:10     | Noticed a boulder beetle
 10898 | D:10     | Killed a boulder beetle
 10900 | D:10     | Noticed a boulder beetle
 10901 | D:10     | Noticed a deep elf pyromancer
 10901 | D:10     | Noticed a deep elf pyromancer
 10912 | D:10     | Incinerated by a deep elf pyromancer

Illustrated notes

Levels and vault maps discovered:
D:1:      dpeg_arrival_boxes_within_box, layout_basic, chequers_arboretum
D:2:      layout_basic, basic_ecumenical_altar
D:3:      layout_rooms, nicolae_vehumet_radiance, gammafunk_ghost_split,
          reono_crystal_passage, st_stairs_7
D:4:      layout_gridville, old_standard_altar, portal_sewer_entry_a,
          solitary_fountain, corner_web_ring, minmay_lizard_king
D:5:      layout_loops_ring, serial_shops, shop, nicolae_shop_advertising_works
          [nicolae_subvault_shop_adworks], shop
D:6:      layout_loops_cross, serial_glass, glass_columns_a, glass_columns_a,
          glass_columns_a, glass_columns_a, glass_columns_b, serial_shops,
          nicolae_shop_mannequins, uniq_eustachio
D:7:      minmay_chambers_of_fours, layout_loops_cross,
          mainiacjoe_overflow_catwalk, temple_fountains
D:8:      layout_gridville, serial_shops, nicolae_shop_trees,
          minmay_manual_monolith, uniq_maurice, uniq_prince_ribbit1
D:9:      layout_irregular_city, grunt_temple_overflow_opulence,
          lair_entry_dummy, uniq_erolcha
D:10:     minmay_the_grid_net [minmay_the_grid_mess, minmay_the_grid_square_x,
          minmay_the_grid_diamond_grid, minmay_the_grid_minigrid_small_alt,
          minmay_the_grid_stretched_grid, minmay_the_grid_prize_four_corners],
          layout_irregular_city, lemuel_crystal_altar, david_orc_4
Temple:   nicolae_temple_slightly_damp_pantheon
Lair:1:   dreamdust_isle_of_ice, layout_concentric_octagons,
          gammafunk_ghost_arena, basic_altar, infiniplex_staircase_pool_2,
          grunt_megastairs_5, lemuel_fruit_tree, uniq_gastronok

Skill      XL: |  1  2  3  4  5  6  7  8  9 10 11 |
---------------+----------------------------------+-----
Dodging        | 3 5 |  5.8
Unarmed Combat | 3 4 5 7 8 10 11 12 | 12.2
Fighting       | 4 5 6 7 8 |  8.2
Ranged Weapons | 1 2 3 5 6 7 8 |  8.0

Action                     |  1- 3 |  4- 6 |  7- 9 | 10-12 || total
---------------------------+-------+-------+-------+-------++-------
  Melee: Unarmed           |   148 |    96 |   242 |   234 ||   720
   Fire: Sling             |       |    36 |    38 |    33 ||   107
  Throw: Boomerang         |       |     2 |       |       ||     2
 Invoke: Ancestor Life: He |       |       |     1 |       ||     1
         Recall Ancestor   |       |       |       |     2 ||     2
    Use: Scroll            |       |    13 |     9 |     4 ||    26
         Potion            |       |       |     3 |     3 ||     6
   Stab: Sleeping          |       |     1 |       |       ||     1
         Confused          |       |       |     4 |     6 ||    10
         Distracted        |       |       |     1 |     3 ||     4
 Armour: Robe              |    18 |       |       |       ||    18
         Leather armour    |    13 |    16 |    28 |       ||    57
         Steam dragon scal |       |       |    27 |    49 ||    76
  Dodge: Dodged            |    68 |    62 |   156 |   117 ||   403
  Block: Orb               |    27 |    23 |    64 |    56 ||   170
